 Dungeon Crawl Stone Soup version 0.30-a0-743-gbfdf073431 (webtiles) character file.

Game seed: 2019361903948683009

9686 cforsyth the Summoner (level 11, 0/62 HPs)
             Began as a Tengu Summoner on Feb 7, 2023.
             Was an Initiate of Gozag.
             Slain by a troll (9 damage)
             ... on level 10 of the Dungeon.
             The game lasted 00:32:16 (12429 turns).

cforsyth the Summoner (Tengu Summoner)             Turns: 12429, Time: 00:32:16

Health: 0/62       AC:  4    Str:  8    XL:     11   Next: 50%
Magic:  19/26      EV: 19    Int: 20    God:    Gozag
Gold:   1485       SH:  0    Dex: 21    Spells: 18/31 levels left

rFire   . . .      SeeInvis .    y - +10 long sword "Arhuvo" {freeze, rC+}
rCold   + . .      Faith    .    (no shield)
rNeg    . . .      Spirit   .    a - +0 robe
rPois   +          Reflect  .    (helmet restricted)
rElec   .          Harm     .    H - +1 cloak
rCorr   .          Rampage  .    (no gloves)
Will    .....                    (boots unavailable)
Stlth   ++                       (no amulet)
HPRegen 0.30/turn                c - ring of poison resistance
MPRegen 0.20/turn                G - +6 ring of dexterity

@: gold aura, flying quickly and evasively, quick
A: beak, talons 3, nimble flight
a: Renounce Religion, Potion Petition, Call Merchant, Bribe Branch


You were on level 10 of the Dungeon.
You worshipped Gozag.
Gozag was most pleased with you.
You visited 2 branches of the dungeon, and saw 11 of its levels.

You collected 1581 gold pieces.
You paid 96 gold pieces to Gozag.

Inventory:

Hand Weapons
 y - the +10 long sword "Arhuvo" (weapon) {freeze, rC+}
   (You took it off a hobgoblin on level 4 of the Dungeon)

   rC:        It protects you from cold.
 I - the +6 hammer of Linearity {heavy, rElec Str+2 Dex+3}
   (You found it on level 6 of the Dungeon)

   Str:       It affects your strength (+2).
   Dex:       It affects your dexterity (+3).
   rElec:     It insulates you from electricity.
Armour
 a - a +0 robe (worn)
 u - the +1 ring mail "Tem Dillis" {Int+2}
   (You found it on level 3 of the Dungeon)

   Int:       It affects your intelligence (+2).
 H - a +1 cloak (worn)
Jewellery
 c - a ring of poison resistance (left hand)
 o - a ring of protection from cold
 E - a ring of positive energy
 G - a +6 ring of dexterity (right hand)
Wands
 A - a wand of flame (8)
 D - a wand of iceblast (5)
 F - a wand of polymorph (6)
 K - a wand of acid (7)
Scrolls
 h - a scroll of poison
 i - 2 scrolls of fog {unknown}
 j - 2 scrolls of immolation
 k - 5 scrolls of teleportation
 n - a scroll of amnesia {unknown}
 q - 3 scrolls of magic mapping
 v - a scroll of blinking {unknown}
 w - 3 scrolls of summoning
 x - a scroll of enchant weapon {unknown}
 B - 2 scrolls of enchant armour
 C - a scroll of vulnerability
 J - a scroll of identify
Potions
 b - a potion of magic
 d - 4 potions of curing
 e - 2 potions of cancellation
 f - 4 potions of attraction
 g - a potion of lignification {unknown}
 l - a potion of brilliance {unknown}
 m - a potion of might {unknown}
 p - 3 potions of haste
 r - 2 potions of invisibility
 s - 2 potions of mutation
 t - 3 potions of heal wounds {unknown}
 z - a potion of flight {unknown}


   Skills:
 + Level 4.7 Fighting
 + Level 5.8 Dodging
 - Level 2.0 Stealth
 - Level 10.5 Spellcasting
 - Level 14.0 Summonings
 - Level 5.0 Air Magic


You had 18 spell levels left.
You knew the following spells:

 Your Spells              Type           Power      Damage    Failure   Level
a - Summon Small Mammal   Summ           100%       N/A       1%          1
b - Call Imp              Summ           61%        N/A       1%          2
c - Call Canine Familiar  Summ           61%        N/A       1%          3
d - Summon Guardian Gole  Hex/Summ       38%        N/A       1%          3
e - Summon Lightning Spi  Summ/Air       48%        N/A       1%          4

Your spell library contained the following spells:

 Spells                   Type           Power      Damage    Failure   Level


Dungeon Overview and Level Annotations

Branches:
Dungeon (10/15)            Temple (1/1) D:6            Lair (0/5) D:10
    Orc: D:9-12

Altars:
Ashenzari
Gozag
Makhleb
Nemelex Xobeh
Okawaru
Trog
Uskayaw
Wu Jian
Yredelemnul

Shops:
D:7 =

Annotations:
D:9 3 runed translucent doors, jimonade's ghost, journeyman DjHW


Innate Abilities, Weirdness & Mutations

You have a beak for a mouth.
You have claws for feet.
Your magical nature lets you fly swiftly and evasively.


Message History

The wolf bites your guardian golem but does no damage.
The hound bites your wolf.
Your wolf completely misses the wolf.
Your wolf barely misses the wolf.
The wolf bites your guardian golem!
Your wolf misses the wolf.
The wolf bites your guardian golem but does no damage.
Your wolf completely misses the wolf.
The wolf bites your guardian golem! The hound bites your guardian golem.
Your lightning spire shoots out a bolt of lightning at the hound!
The bolt of electricity hits the wolf!
The bolt of electricity hits the hound! x2
The hound dies!
The bolt of electricity hits the wolf!
The bolt of electricity hits your lightning spire.
Your lightning spire completely resists.
Your wolf misses the wolf.
The wolf bites your lightning spire but does no damage.
Your wolf misses the wolf. The wolf bites your lightning spire.
Your wolf closely misses the wolf.
The wolf completely misses your lightning spire.
A hound comes into view.
Your wolf closely misses the wolf.
The wolf bites your lightning spire!
Your wolf bites the wolf!
The wolf dies!
The hound bites your guardian golem but does no damage.
The hound bites your guardian golem but does no damage.
Your guardian golem overheats!
The hound bites your guardian golem but does no damage.
The hound bites your guardian golem but does no damage.
The hound bites your guardian golem but does no damage.
The troll bites you! The troll claws you but does no damage.
The troll claws you!
The hound bites your guardian golem but does no damage.
The hound bites your guardian golem but does no damage.
The troll barely misses you. The troll claws you but does no damage.
The troll completely misses you.
The hound barely misses your guardian golem.
The troll bites you!
* * * LOW HITPOINT WARNING * * *
The troll claws you!
You die...
Your body crumbles into a pile of gold.

####.##########...###'##..#**,,,*
####.#***...###...#,....,,...~,,,
.....#,,,.........#...~...~,~,,,,
.....#,,,.........#....~h.~S~,~~,
...<.#,,,.........#....S~~~~~~~~~
.....#,,,......8h$#..~~~≈≈h~,,~~~
.....#,,,.......9.#....~~≈Th~,,,~
.....#,,,.......h.#,,~~,~~~,,,~,,
.....#,,$.......@.#,,,~~~~,,>,,,,
##...#*,,....##..T#,,,,~~~~,,,,~~
*#...#*,,....*#.....,,~~~~,~,~~,~
*.....,,,...,,.......~,~~~~~~~~~~
*,,,,,,,,.,,,.........~~~~~~~~~~~
*,,,,,,,,,,,.........~..,~~~~~~~~
*,,,,,,,,,,.........~...,~~~~~~~,
*,,,,,,,,,........#.....,~~~~~~,,
*,,****,**,,,**,,,**,,,,,,,****,,


You could see a troll, a hound (ally target), a friendly guardian golem
(summoned, inner flame), a friendly wolf (summoned, sheltered) and a friendly
lightning spire (summoned, sheltered).

Vanquished Creatures
  2 yaks (D:9)
  2 black bears
  A centaur (D:8)
  A kobold brigand (D:9)
  A necrophage (D:4)
  2 scorpions
  5 wights
  3 killer bees
  A howler monkey (D:8)
  A bullfrog zombie (D:4)
  A hound (D:4)
  5 orc priests
  An orc wizard (D:8)
  6 adders
  A white imp (D:9)
  An adder zombie (D:4)
  9 orcs
  An endoplasm (D:2)
  A giant cockroach (D:4)
  A goblin (D:4)
  2 kobolds
  A quokka (D:1)
  A frilled lizard (D:1)
50 creatures vanquished.

Vanquished Creatures (collateral kills)
  Psyche (D:9)
  Grinder (D:4)
  2 hornets
  Sigmund (D:2)
  7 yaks
  A steam dragon (D:8)
  An acid dragon (D:9)
  2 water moccasins (D:5)
  3 ice beasts
  2 black bears (D:6)
  2 orc warriors (D:6)
  2 wolves
  2 ogres
  2 centaurs
  4 phantoms
  4 bullfrogs
  A necrophage (D:4)
  A gnoll sergeant (D:8)
  A scorpion (D:6)
  12 wights
  A hornet simulacrum (D:9)
  5 killer bees
  A howler monkey (D:8)
  2 jellies
  7 orc priests
  A hound (D:10)
  3 iguanas
  7 orc wizards
  Natasha (thrice) (D:4)
  Terence (D:2)
  A hound zombie (D:4)
  5 gnolls (D:8)
  5 adders
  2 white imps
  An ufetubus (D:6)
  An adder zombie (D:4)
  A worm (D:3)
  2 dart slugs
  35 orcs
  5 bats
  3 endoplasms
  A giant cockroach (D:4)
  6 hobgoblins
  3 jackals (D:2)
  2 quokkas
  2 ball pythons (D:1)
  3 frilled lizards (D:2)
  8 goblins
  7 kobolds
  3 rats
179 creatures vanquished.

Vanquished Creatures (others)
  2 two-headed ogres (D:9)
  A black bear (D:4)
  2 ice beasts
  2 orc warriors
  A scorpion (D:5)
  4 wights
  A killer bee (D:9)
  Crazy Yiuf (D:6)
  2 orc wizards
  2 orcs
  A fungus (D:6)
19 creatures vanquished.

Grand Total: 248 creatures vanquished

Notes
Turn   | Place    | Note
-------+----------+-------------------------------------------
     0 | D:1      | cforsyth the Tengu Summoner began the quest for the Orb.
     0 | D:1      | Reached XP level 1. HP: 10/10 MP: 4/4
   165 | D:1      | Reached skill level 5 in Summonings
   283 | D:1      | Reached XP level 2. HP: 15/15 MP: 4/6
   286 | D:1      | Learned a level 2 spell: Call Imp
   982 | D:2      | Reached XP level 3. HP: 18/19 MP: 2/8
  1214 | D:2      | Noticed Terence
  1232 | D:2      | Learned a level 3 spell: Call Canine Familiar
  1285 | D:2      | Killed Terence
  1333 | D:2      | Found a basalt altar of Yredelemnul.
  1410 | D:2      | Reached XP level 4. HP: 24/24 MP: 4/9
  1506 | D:2      | Learned a level 3 spell: Summon Guardian Golem
  1655 | D:2      | Noticed Sigmund
  1831 | D:2      | Found a faded altar of an unknown god.
  1986 | D:2      | Killed Sigmund
  1987 | D:2      | Reached skill level 6 in Summonings
  1987 | D:2      | Gained mutation: Your magical nature lets you fly swiftly
                  | and evasively. [Tengu growth]
  1987 | D:2      | Reached XP level 5. HP: 27/28 MP: 6/12
  2226 | D:3      | Reached XP level 6. HP: 26/32 MP: 10/13
  2231 | D:3      | Learned a level 4 spell: Summon Lightning Spire
  2457 | D:3      | Found a broken altar of Ashenzari.
  2593 | D:3      | Reached skill level 7 in Summonings
  2863 | D:3      | Identified the +1 ring mail "Tem Dillis" {Int+2}
  3227 | D:4      | Noticed Grinder
  3467 | D:4      | Reached skill level 5 in Spellcasting
  3467 | D:4      | Reached XP level 7. HP: 36/36 MP: 3/15
  3585 | D:4      | Reached skill level 8 in Summonings
  3800 | D:4      | Reached skill level 1 in Air Magic
  3829 | D:4      | Identified the +10 long sword "Arhuvo" {freeze, rC+}
  4200 | D:4      | Killed Grinder
  4201 | D:4      | Reached XP level 8. HP: 37/41 MP: 9/17
  4255 | D:4      | Found a basalt altar of Yredelemnul.
  4350 | D:4      | Noticed Natasha
  4363 | D:4      | Killed Natasha
  4444 | D:4      | Reached skill level 9 in Summonings
  4653 | D:4      | Noticed Natasha
  4660 | D:4      | Killed Natasha
  4897 | D:4      | Noticed Natasha
  4906 | D:4      | Killed Natasha
  4920 | D:5      | Entered Level 5 of the Dungeon
  5109 | D:5      | Reached skill level 5 in Air Magic
  5298 | D:5      | Found an ornate altar of the Wu Jian Council.
  5357 | D:5      | Reached skill level 10 in Summonings
  5418 | D:5      | Reached XP level 9. HP: 45/45 MP: 14/20
  5738 | D:4      | Found a basalt altar of Yredelemnul.
  6514 | D:6      | Reached skill level 11 in Summonings
  6584 | D:6      | Found a staircase to the Ecumenical Temple.
  6594 | Temple   | Entered the Ecumenical Temple
  6623 | Temple   | Became a worshipper of Gozag Ym Sagoz the Greedy
  6905 | D:6      | Found a burning altar of Makhleb.
  7284 | D:6      | Found a runed translucent door.
  7285 | D:6      | Noticed Crazy Yiuf
  7307 | D:6      | Killed Crazy Yiuf
  7435 | D:6      | Identified the +6 hammer of Linearity {heavy, rElec Str+2
                  | Dex+3}
  7586 | D:7      | Reached skill level 12 in Summonings
  7681 | D:7      | Reached XP level 10. HP: 50/50 MP: 19/23
  7875 | D:7      | Found Nurph's Jewellery Shop.
  9145 | D:8      | Reached skill level 13 in Summonings
  9898 | D:9      | Noticed Psyche
 10095 | D:9      | Noticed a two-headed ogre
 10118 | D:9      | Killed a two-headed ogre
 10119 | D:9      | Reached skill level 10 in Spellcasting
 10201 | D:9      | Noticed a two-headed ogre
 10212 | D:9      | Killed a two-headed ogre
 10213 | D:9      | Reached skill level 14 in Summonings
 10213 | D:9      | Reached XP level 11. HP: 54/54 MP: 17/26
 10246 | D:9      | Reached skill level 1 in Fighting
 10578 | D:9      | Killed Psyche
 10989 | D:9      | Paralysed by a hornet for 1 turns
 11184 | D:9      | Found a runed translucent gate.
 11184 | D:9      | Noticed jimonade's ghost (journeyman DjHW)
 11185 | D:9      | Found a runed translucent gate.
 11335 | D:9      | Found a runed translucent gate.
 11706 | D:9      | Found a hide-covered altar of Uskayaw.
 11974 | D:10     | Entered Level 10 of the Dungeon
 11984 | D:9      | Reached skill level 5 in Dodging
 12027 | D:9      | HP: 1/61 [yak (16)]
 12429 | D:10     | Slain by a troll

Illustrated notes

Levels and vault maps discovered:
D:1:      minmay_arrival_stair_chambers, layout_loops_cross, hex_large,
          chequers_serial_rivers_small_b, amcnicky_mini_pool_small
D:2:      layout_basic, hellmonk_ecumenical_altar_leap_of_faith, basic_altar,
          uniq_sigmund, uniq_terence
D:3:      layout_loops_ring, nicolae_ashenzari_skybound,
          nicolae_concentric_dashed_squares_mild, minivault_23
D:4:      layout_basic, nicolae_yredelemnul_corpse_copse, uniq_grinder,
          uniq_natasha
D:5:      layout_rooms, old_standard_altar
D:6:      layout_rooms, lemuel_doored_altar, minmay_temple_entry_large_hall,
          uniq_crazy_yiuf_cottage
D:7:      layout_cave_pools, serial_shops, shop
D:8:      layout_cave_pods, minmay_between
D:9:      layout_basic, eat_drink_and_be_merry_uskayaw,
          ebering_ghost_rock_garden, serial_ice, serial_ice_g, serial_ice_b,
          serial_ice_d, serial_ice_l, onia_ninara_dug_in_and_dangerous,
          uniq_psyche
D:10:     layout_gridville, erik_lair_island
Temple:   minmay_crystal_spiral_temple

Skill      XL: |  1  2  3  4  5  6  7  8  9 10 11 |
---------------+----------------------------------+-----
Summonings     | 5 6 7 8 10 12 14 | 14.0
Spellcasting   | 3 4 5 7 8 10 | 10.5
Air Magic      | 3 5 |  5.0
Fighting       | 4 |  4.7
Dodging        | 5 |  5.8
Stealth        | |  2.0

Action                     |  1- 3 |  4- 6 |  7- 9 | 10-12 || total
---------------------------+-------+-------+-------+-------++-------
  Melee: Unarmed           |    12 |    28 |       |       ||    40
         Kick              |     2 |     7 |     9 |    16 ||    34
         Peck              |     2 |     3 |     3 |    10 ||    18
         Long sword        |       |       |    39 |    54 ||    93
         Punch             |       |       |       |     1 ||     1
   Cast: Summon Small Mamm |    36 |    11 |     8 |     7 ||    62
         Call Imp          |    12 |     6 |     6 |     4 ||    28
         Call Canine Famil |     2 |    21 |    30 |    42 ||    95
         Summon Guardian G |       |     3 |    12 |    18 ||    33
         Summon Lightning  |       |       |    13 |    21 ||    34
    Use: Scroll            |       |     4 |     5 |     5 ||    14
   Stab: Distracted        |     1 |       |       |     2 ||     3
         Sleeping          |       |       |     1 |       ||     1
 Armour: Robe              |     5 |     5 |     3 |    15 ||    28
  Dodge: Dodged            |    30 |    35 |    34 |   111 ||   210

Table legend: (Time is in decaauts)
 A = Elapsed time spent in this place.
 B = Non-inter-level travel time spent in this place.
 C = Inter-level travel time spent in this place.
 D = Time resting spent in this place.
 E = Time spent auto-exploring this place.
 F = Levels seen in this place.
 G = Mean time per level.
                   A        B        C        D        E       F      G
               +--------+--------+--------+--------+--------+-----+--------+
         Total |  11938 |  11628 |    310 |   1262 |   7712 |  11 | 1085.3 |
       Dungeon |  11894 |  11601 |    293 |   1262 |   7692 |  10 | 1189.4 |
        Temple |     44 |     27 |     17 |      0 |     20 |   1 |   44.0 |
               +--------+--------+--------+--------+--------+-----+--------+

Top non-repeatable levels by time:
     D:4: 2116 daAuts
     D:9: 1933 daAuts
     D:8: 1522 daAuts
     D:2: 1333 daAuts
     D:6: 1148 daAuts
     D:7: 1058 daAuts
     D:1: 922 daAuts
     D:3: 892 daAuts
     D:5: 776 daAuts
    D:10: 191 daAuts
  Temple: 44 daAuts
